 Dungeon Crawl Stone Soup version 0.21.1-1-g345015f (webtiles) character file.

96 sking99 the Firebug (level 4, -3/24 HPs)
             Began as a Deep Elf Fire Elementalist on June 21, 2018.
             Slain by a gnoll
             ... wielding a +0 flail
              (12 damage)
             ... on level 4 of the Dungeon.
             The game lasted 00:07:48 (1605 turns).

sking99 the Firebug (Deep Elf Fire Elementalist)    Turns: 1605, Time: 00:07:49

Health: -3/24      AC:  3    Str:  5    XL:     4   Next: 41%
Magic:  5/11       EV: 13    Int: 21    God:
Gold:   52         SH:  0    Dex: 15    Spells: 7/10 levels left

rFire    . . .     SeeInvis .   n - +0 dagger
rCold    . . .     Gourm    .   (no shield)
rNeg     . . .     Faith    .   a - +0 robe
rPois    .         Spirit   .   (no helmet)
rElec    .         Reflect  .   (no cloak)
rCorr    .         Harm     .   h - +0 pair of gloves
MR       .....                  (no boots)
Stlth    ++........             (no amulet)
HPRegen  0.08/turn              (no ring)
MPRegen  0.12/turn              (no ring)

@: very slightly contaminated
A: no striking features
a: no special abilities


You were on level 4 of the Dungeon.
You were not hungry.

You visited 1 branch of the dungeon, and saw 4 of its levels.

You collected 52 gold pieces.

Inventory:

Hand Weapons
 n - a +0 dagger (weapon)
Armour
 a - a +0 robe (worn)
 h - a +0 pair of gloves (worn)
Jewellery
 g - a cursed amulet of inaccuracy {unknown}
Scrolls
 d - a scroll of fog {unknown}
 f - a scroll of remove curse {unknown}
 i - a scroll of enchant weapon {unknown}
 k - a scroll of identify {unknown}
 l - a scroll of immolation {unknown}
 m - a scroll of random uselessness {unknown}
 p - a scroll of enchant armour {unknown}
Potions
 e - 2 potions of resistance
 j - a potion of cancellation {unknown}
 o - a potion of heal wounds {unknown}
 q - 2 potions of brilliance {unknown}
Books
 b - a book of Flames

   Spells                             Type                      Level
   a - Flame Tongue                   Conjuration/Fire             1
   b - Throw Flame                    Conjuration/Fire             2
   c - Conjure Flame                  Conjuration/Fire             3
   d - Inner Flame                    Hexes/Fire                   3
   e - Sticky Flame                   Conjuration/Fire             4
   f - Fireball                       Conjuration/Fire             5
Comestibles
 c - 3 rations


   Skills:
 + Level 3.3 Dodging
 + Level 3.3 Stealth
 + Level 3.7 Spellcasting
 * Level 2.6 Conjurations
 + Level 3.8 Fire Magic


You had 7 spell levels left.
You knew the following spells:

 Your Spells              Type           Power        Failure   Level  Hunger
a - Flame Tongue          Conj/Fire      ###..        3%          1    None
b - Throw Flame           Conj/Fire      ###...       4%          2    ##.....


Dungeon Overview and Level Annotations

Branches:
Dungeon (5/15)
 Temple: D:4-7

Altars:
Yredelemnul


Message History

The gnoll hits you with a spear.
Casting: Flame Tongue
Confirm with . or Enter, or press ? or * to list all spells.
Aiming: Flame Tongue
Press: ? - help, Shift-Dir - straight line, f - gnoll
Aim: a gnoll, wielding a spear You miscast Flame Tongue.
You are very lightly contaminated with residual magic.
Heat runs through your body. The gnoll barely misses you.
The gnoll closely misses you.
Casting: Flame Tongue
Confirm with . or Enter, or press ? or * to list all spells.
Aiming: Flame Tongue
Press: ? - help, Shift-Dir - straight line, f/p - gnoll
Aim: a gnoll, wielding a spear The flame tongue hits the gnoll.
The gnoll is severely wounded.
The gnoll hits you with a spear. The gnoll hits you with a flail!
Ouch! That really hurt!
You die...

....####..# ###....#..##
..# #####..g.#### #.#
##......####### ###.####
##..##.......######...##..
#.####...................
### ##...................
#....................
#...@g...............
#....g.............#..
#..................####
#..................# #
#...................#
....................#
#..................##
##.................#
####.......#


You could see 2 gnolls.

Vanquished Creatures
  A hound (D:5)
  A worker ant (D:4)
  A gnoll (D:4)
  A dart slug (D:2)
  A leopard gecko (D:4)
  5 goblins (D:1)
  2 hobgoblins (D:1)
  4 jackals (D:1)
  4 kobolds (D:1)
  3 bats (D:1)
  2 frilled lizards (D:1)
  4 rats (D:1)
29 creatures vanquished.

Notes
Turn   | Place    | Note
-------+----------+-------------------------------------------
     0 | D:1      | sking99 the Deep Elf Fire Elementalist began the quest for the Orb.
     0 | D:1      | Reached XP level 1. HP: 10/10 MP: 6/6
   309 | D:1      | Reached XP level 2. HP: 15/15 MP: 6/8
   403 | D:1      | Learned a level 2 spell: Throw Flame
  1217 | D:2      | Reached XP level 3. HP: 17/19 MP: 4/9
  1251 | D:2      | You fall through a shaft for 2 floors!
  1263 | D:4      | Found a basalt altar of Yredelemnul.
  1389 | D:5      | Entered Level 5 of the Dungeon
  1391 | D:5      | Reached XP level 4. HP: 7/24 MP: 1/11
  1605 | D:4      | Slain by a gnoll

Skill      XL: |  1  2  3 |
---------------+----------+-----
Dodging        | 3 |  3.3
Stealth        | 3 |  3.3
Conjurations   | 2 |  2.6
Spellcasting   | |  3.7
Fire Magic     | |  3.8

Action                   |  1- 3 |  4- 6 || total
-------------------------+-------+-------++-------
Melee: Unarmed           |    31 |       ||    31
       Dagger            |     7 |       ||     7
 Cast: Flame Tongue      |    35 |     4 ||    39
       Throw Flame       |    24 |     1 ||    25
  Eat: Chunk             |     2 |     1 ||     3
Armor: Robe              |    15 |     2 ||    17
Dodge: Dodged            |    52 |     8 ||    60
